EVO
OHIO STATE UNIVERSITY BUCKEYES @ PENNSYLVANIA STATE UNIVERSITY NITTANY LIONS
12/16/2047
 
TOP OF THE 1ST
Ohio State University Buckeyes batting - Pitching for Pennsylvania State University Nittany Lions : RHP Melvin Nambo
Pitching: RHP Melvin Nambo
Batting: LHB Adam Simpson 0-0: Ball
1-0: Ground out 5-3 (Groundball, 56, EV 85.0 MPH)
Batting: RHB Jacob Carrano 0-0: Foul Ball, location: 2F
0-1: Swinging Strike
0-2: Ball
1-2: Ball
2-2: Strikes out swinging
Batting: LHB Tony Abascal 0-0: Ball
1-0: Foul Ball, location: 2F
1-1: Fly out, F8 (Flyball, 8LD, EV 93.8 MPH)
Top of the 1st over - 0 runs, 0 hits, 0 errors, 0 left on base; Ohio State University 0 - Pennsylvania State University 0
BOTTOM OF THE 1ST
Pennsylvania State University Nittany Lions batting - Pitching for Ohio State University Buckeyes : LHP Adrien Leroy
Pitching: LHP Adrien Leroy
Batting: RHB Jesse Bandt 0-0: Ball
1-0: Ball
2-0: Fly out, F8 (Flyball, 8RD, EV 87.5 MPH)
Batting: RHB Pete Martin 0-0: Swinging Strike
0-1: Ball
1-1: Foul Ball, location: 2F
1-2: Ball
2-2: Foul Ball, location: 2F
2-2: Ball
3-2: Foul Ball, location: 2F
3-2: SINGLE (Line Drive, 8LS, EV 90.6 MPH)
Batting: RHB Josh Ebeling 0-0: Called Strike
0-1: Fly out, F7 (Flyball, 78M, EV 86.2 MPH)
Batting: RHB Rob Hinojosa 0-0: Foul Ball, location: 2F
0-1: Called Strike
0-2: Ground out 5-3 (Groundball, 56S, EV 68.8 MPH)
Bottom of the 1st over - 0 runs, 1 hit, 0 errors, 1 left on base; Ohio State University 0 - Pennsylvania State University 0
TOP OF THE 2ND
Ohio State University Buckeyes batting - Pitching for Pennsylvania State University Nittany Lions : RHP Melvin Nambo
Batting: RHB Tristan Gimple 0-0: Ball
1-0: SOLO HOME RUN (Flyball, 78XD, EV 100.0 MPH), Distance : 420 ft
Batting: LHB Zach Brandt 0-0: Ground out 6-3 (Groundball, 4M, EV 81.9 MPH)
Batting: RHB Masatoshi Mori 0-0: Ball
1-0: Called Strike
1-1: Called Strike
1-2: Foul Ball, location: 2F
1-2: Fly out, F7 (Flyball, 78M, EV 95.0 MPH)
Batting: LHB Anthony Ross 0-0: Ball
1-0: Ball
2-0: Ball
3-0: Base on Balls
Batting: RHB Marcelo Bardelli 0-0: Called Strike
0-1: Called Strike
0-2: Strikes out swinging
Top of the 2nd over - 1 run, 1 hit, 0 errors, 1 left on base; Ohio State University 1 - Pennsylvania State University 0
BOTTOM OF THE 2ND
Pennsylvania State University Nittany Lions batting - Pitching for Ohio State University Buckeyes : LHP Adrien Leroy
Batting: RHB Francisco Velazquez 0-0: Called Strike
0-1: Ball
1-1: SINGLE (Groundball, 6MD, EV 110.0 MPH)
Batting: RHB Guy Jock 0-0: Ball
1-0: Called Strike
1-1: Ball
2-1: Foul Ball, location: 2F
2-2: Strikes out looking
Batting: RHB James Steinmetz 0-0: Called Strike
0-1: Foul Ball, location: 2F
0-2: SINGLE (Flyball, 89S, EV 94.4 MPH)
Francisco Velazquez to second
Runner from 2nd tries for 3rd, SAFE, no throw by CF
Batting: RHB Perry Brantley 0-0: Called Strike
0-1: Ball
1-1: Ball
2-1: Swinging Strike
2-2: Grounds into double play, 4-6-3 (Groundball, 4M, EV 83.8 MPH)
Bottom of the 2nd over - 0 runs, 2 hits, 0 errors, 1 left on base; Ohio State University 1 - Pennsylvania State University 0
TOP OF THE 3RD
Ohio State University Buckeyes batting - Pitching for Pennsylvania State University Nittany Lions : RHP Melvin Nambo
Batting: LHB Ben Callaway 0-0: Ball
1-0: Ball
2-0: Ball
3-0: Base on Balls
Batting: LHB Adam Simpson 0-0: Ball
1-0: SINGLE (Groundball, 34S, EV 65.0 MPH) (infield hit)
Ben Callaway to second
Batting: RHB Jacob Carrano 0-0: SINGLE (Groundball, 6MS, EV 68.8 MPH) (infield hit)
Ben Callaway to third
Adam Simpson to second
Pinch Runner at 1st Mike Tarantino:
Batting: LHB Tony Abascal 0-0: Ball
1-0: Ball
2-0: Ball
3-0: Base on Balls
Ben Callaway scores
Adam Simpson to third
Mike Tarantino to second
Batting: RHB Tristan Gimple 0-0: Swinging Strike
0-1: Ball
1-1: Called Strike
1-2: Foul Ball, location: 2F
1-2: Ball
2-2: Fly out, F9 (Flyball, 9D, EV 98.8 MPH)
Runner from 3rd tags up, SCORES, no throw by RF
Mike Tarantino to third
Batting: LHB Zach Brandt 0-0: Ball
1-0: Fly out, F5 (Popup, 56S, EV 90.0 MPH)
Batting: RHB Masatoshi Mori 0-0: Called Strike
0-1: Ball
1-1: DOUBLE (Flyball, 8LXD, EV 95.6 MPH)
Mike Tarantino scores
Tony Abascal to third
Runner from 3rd tries for Home, SAFE, no throw by CF
Batting: LHB Anthony Ross 0-0: Called Strike
0-1: Swinging Strike
0-2: Foul Ball, location: 2F
0-2: SINGLE (Line Drive, 4D, EV 95.0 MPH)
Masatoshi Mori to third
Runner from 3rd tries for Home, throw by RF and OUT! 9-2
Top of the 3rd over - 4 runs, 4 hits, 0 errors, 1 left on base; Ohio State University 5 - Pennsylvania State University 0
BOTTOM OF THE 3RD
Pennsylvania State University Nittany Lions batting - Pitching for Ohio State University Buckeyes : LHP Adrien Leroy
Now at SS: Mike Tarantino
Batting: RHB Pat Betancourt 0-0: Ball
1-0: Ball
2-0: SINGLE (Flyball, 3D, EV 92.5 MPH)
Batting: RHB Jesse Bandt 0-0: Ball
1-0: Foul Ball, location: 2F
1-1: Ball
2-1: Grounds into double play, 6-4-3 (Groundball, 6S, EV 91.2 MPH)
Batting: RHB Pete Martin 0-0: Fly out, F8 (Flyball, 8LM, EV 88.1 MPH)
Bottom of the 3rd over - 0 runs, 1 hit, 0 errors, 0 left on base; Ohio State University 5 - Pennsylvania State University 0
TOP OF THE 4TH
Ohio State University Buckeyes batting - Pitching for Pennsylvania State University Nittany Lions : RHP Melvin Nambo
Batting: RHB Marcelo Bardelli 0-0: Ground out 5-3 (Groundball, 5, EV 103.8 MPH)
Batting: LHB Ben Callaway 0-0: Ball
1-0: Foul Ball, location: 2F
1-1: Fly out, F7 (Flyball, 78M, EV 74.4 MPH)
Batting: LHB Adam Simpson 0-0: Fly out, F8 (Line Drive, 8LS, EV 106.9 MPH)
Top of the 4th over - 0 runs, 0 hits, 0 errors, 0 left on base; Ohio State University 5 - Pennsylvania State University 0
BOTTOM OF THE 4TH
Pennsylvania State University Nittany Lions batting - Pitching for Ohio State University Buckeyes : LHP Adrien Leroy
Batting: RHB Josh Ebeling 0-0: Swinging Strike
0-1: Ball
1-1: Ball
2-1: Foul Ball, location: 2F
2-2: Fly out, F4 (Line Drive, 4D, EV 65.6 MPH)
Batting: RHB Rob Hinojosa 0-0: Ball
1-0: Swinging Strike
1-1: Foul Ball, location: 2F
1-2: DOUBLE (Flyball, 8RXD, EV 93.8 MPH)
Batting: RHB Francisco Velazquez 0-0: Called Strike
0-1: Foul Ball, location: 2F
0-2: Ball
1-2: Ball
2-2: Fly out, F9 (Line Drive, 9, EV 95.6 MPH)
Batting: RHB Guy Jock 0-0: Called Strike
0-1: Foul Ball, location: 2F
0-2: Strikes out swinging
Bottom of the 4th over - 0 runs, 1 hit, 0 errors, 1 left on base; Ohio State University 5 - Pennsylvania State University 0
TOP OF THE 5TH
Ohio State University Buckeyes batting - Pitching for Pennsylvania State University Nittany Lions : RHP Melvin Nambo
Batting: RHB Mike Tarantino 0-0: Ball
1-0: DOUBLE (Line Drive, 9LM, EV 95.0 MPH)
Pitching: RHP Tony Corona
Batting: LHB Tony Abascal 0-0: Foul Ball, location: 2F
0-1: Ball
1-1: Ground out U3 (Groundball, 34, EV 91.9 MPH)
Mike Tarantino to third
Batting: RHB Tristan Gimple 0-0: Fly out, F7 (Flyball, 7, EV 96.2 MPH)
Runner from 3rd tags up, SCORES, throw by LF
Batting: LHB Zach Brandt 0-0: Called Strike
0-1: Swinging Strike
0-2: Ball
1-2: Fly out, F6 (Line Drive, 6, EV 65.6 MPH)
Top of the 5th over - 1 run, 1 hit, 0 errors, 0 left on base; Ohio State University 6 - Pennsylvania State University 0
BOTTOM OF THE 5TH
Pennsylvania State University Nittany Lions batting - Pitching for Ohio State University Buckeyes : LHP Adrien Leroy
Batting: RHB James Steinmetz 0-0: Ball
1-0: Ball
2-0: Called Strike
2-1: Called Strike
2-2: Ground out 4-3 (Groundball, 4, EV 75.6 MPH)
Batting: RHB Perry Brantley 0-0: Ball
1-0: Called Strike
1-1: Ball
2-1: Foul Ball, location: 2F
2-2: Ground out 6-3 (Groundball, 6, EV 81.9 MPH)
Batting: RHB Pat Betancourt 0-0: Called Strike
0-1: Called Strike
0-2: Foul Ball, location: 2F
0-2: Ball
1-2: Ground out U3 (Groundball, 13, EV 80.0 MPH)
Bottom of the 5th over - 0 runs, 0 hits, 0 errors, 0 left on base; Ohio State University 6 - Pennsylvania State University 0
TOP OF THE 6TH
Ohio State University Buckeyes batting - Pitching for Pennsylvania State University Nittany Lions : RHP Tony Corona
Batting: RHB Masatoshi Mori 0-0: Called Strike
0-1: Ball
1-1: Ball
2-1: Called Strike
2-2: Ball
3-2: Strikes out swinging
Batting: LHB Anthony Ross 0-0: Ground out 4-3 (Groundball, 4, EV 77.5 MPH)
Batting: RHB Marcelo Bardelli 0-0: Ball
1-0: Ball
2-0: Swinging Strike
2-1: Swinging Strike
2-2: Fly out, F6 (Line Drive, 6, EV 70.0 MPH)
Top of the 6th over - 0 runs, 0 hits, 0 errors, 0 left on base; Ohio State University 6 - Pennsylvania State University 0
BOTTOM OF THE 6TH
Pennsylvania State University Nittany Lions batting - Pitching for Ohio State University Buckeyes : LHP Adrien Leroy
Batting: RHB Jesse Bandt 0-0: Fly out, F8 (Line Drive, 8RD, EV 90.0 MPH)
Batting: RHB Pete Martin 0-0: Called Strike
0-1: Ball
1-1: Ball
2-1: Foul Ball, location: 2F
2-2: SINGLE (Groundball, 6MD, EV 103.8 MPH)
Batting: RHB Josh Ebeling 0-0: Called Strike
0-1: Ball
1-1: Ball
2-1: Ball
3-1: Called Strike
3-2: Foul Ball, location: 2F
3-2: Foul Ball, location: 2F
3-2: Strikes out swinging
Pitching: RHP Neville MacDonald
Batting: RHB Rob Hinojosa 0-0: 2-RUN HOME RUN (Flyball, 89XD, EV 103.8 MPH), Distance : 408 ft
Batting: RHB Francisco Velazquez 0-0: Called Strike
0-1: Called Strike
0-2: Foul Ball, location: 2F
0-2: Strikes out looking
Bottom of the 6th over - 2 runs, 2 hits, 0 errors, 0 left on base; Ohio State University 6 - Pennsylvania State University 2
TOP OF THE 7TH
Ohio State University Buckeyes batting - Pitching for Pennsylvania State University Nittany Lions : RHP Tony Corona
Pitching: RHP Alex Almonte
Batting: LHB Ben Callaway 0-0: Called Strike
0-1: Ball
1-1: Swinging Strike
1-2: SOLO HOME RUN (Flyball, 9D, EV 94.4 MPH), Distance : 376 ft
Batting: LHB Adam Simpson 0-0: Swinging Strike
0-1: Ball
1-1: Called Strike
1-2: Foul Ball, location: 2F
1-2: Ground out 5-3 (Groundball, 56, EV 88.1 MPH)
Batting: RHB Mike Tarantino 0-0: Called Strike
0-1: Ball
1-1: Fly out, F1 (Line Drive, P, EV 73.1 MPH)
Batting: LHB Tony Abascal 0-0: Ball
1-0: Foul Ball, location: 2F
1-1: Ground out 4-3 (Groundball, 4D, EV 100.0 MPH)
Top of the 7th over - 1 run, 1 hit, 0 errors, 0 left on base; Ohio State University 7 - Pennsylvania State University 2
BOTTOM OF THE 7TH
Pennsylvania State University Nittany Lions batting - Pitching for Ohio State University Buckeyes : RHP Neville MacDonald
Batting: RHB Guy Jock 0-0: Ball
1-0: Called Strike
1-1: SINGLE (Groundball, 6D, EV 99.4 MPH)
Batting: RHB James Steinmetz 0-0: Called Strike
0-1: Called Strike
0-2: Ball
1-2: Foul Ball, location: 2F
1-2: Foul Ball, location: 2F
1-2: Foul Ball, location: 2F
1-2: Strikes out swinging
Batting: RHB Perry Brantley 0-0: Foul Ball, location: 2F
0-1: Foul Ball, location: 2F
0-2: Ball
1-2: Fly out, F9 (Line Drive, 9, EV 95.6 MPH)
Batting: RHB Pat Betancourt 0-0: Ball
1-0: Ball
2-0: Called Strike
2-1: Called Strike
2-2: Foul Ball, location: 2F
2-2: SINGLE (Groundball, 56D, EV 95.0 MPH)
Guy Jock to second
Pitching: RHP Kyle Collins
Batting: RHB Jesse Bandt 0-0: Foul Ball, location: 2F
0-1: Ground out U3 (Groundball, 34, EV 105.6 MPH)
Bottom of the 7th over - 0 runs, 2 hits, 0 errors, 2 left on base; Ohio State University 7 - Pennsylvania State University 2
TOP OF THE 8TH
Ohio State University Buckeyes batting - Pitching for Pennsylvania State University Nittany Lions : RHP Alex Almonte
Pitching: RHP Jamie Galarza
Batting: RHB Tristan Gimple 0-0: Ball
1-0: Ball
2-0: Foul Ball, location: 2F
2-1: Ball
3-1: Foul Ball, location: 2F
3-2: Base on Balls
Batting: LHB Zach Brandt 0-0: Ball
1-0: Grounds into double play, 5-4-3 (Groundball, 56S, EV 90.0 MPH)
Batting: RHB Masatoshi Mori 0-0: Foul Ball, location: 2F
0-1: Ball
1-1: Fly out, F9 (Flyball, 9, EV 73.1 MPH)
Top of the 8th over - 0 runs, 0 hits, 0 errors, 0 left on base; Ohio State University 7 - Pennsylvania State University 2
BOTTOM OF THE 8TH
Pennsylvania State University Nittany Lions batting - Pitching for Ohio State University Buckeyes : RHP Kyle Collins
Batting: RHB Pete Martin 0-0: Ball
1-0: Ball
2-0: Called Strike
2-1: Foul Ball, location: 2F
2-2: Foul Ball, location: 2F
2-2: Ball
3-2: Fly out, F7 (Flyball, 7D, EV 108.1 MPH)
Batting: RHB Josh Ebeling 0-0: Called Strike
0-1: Foul Ball, location: 2F
0-2: Fly out, F8 (Flyball, 8RM, EV 92.5 MPH)
Batting: RHB Rob Hinojosa 0-0: Called Strike
0-1: Fly out, F3 (Popup, 3F, EV 80.6 MPH)
Bottom of the 8th over - 0 runs, 0 hits, 0 errors, 0 left on base; Ohio State University 7 - Pennsylvania State University 2
TOP OF THE 9TH
Ohio State University Buckeyes batting - Pitching for Pennsylvania State University Nittany Lions : RHP Jamie Galarza
Batting: LHB Anthony Ross 0-0: Called Strike
0-1: Swinging Strike
0-2: Ball
1-2: Foul Ball, location: 2F
1-2: Ball
2-2: Ground out 4-3 (Groundball, 4, EV 100.0 MPH)
Batting: RHB Marcelo Bardelli 0-0: Ball
1-0: Called Strike
1-1: DOUBLE (Line Drive, 89M, EV 86.2 MPH)
Pitching: RHP Hector Guzman
Batting: LHB Ben Callaway 0-0: Called Strike
0-1: Ball
1-1: Foul Ball, location: 2F
1-2: Ball
2-2: Strikes out swinging
Batting: LHB Adam Simpson 0-0: Called Strike
0-1: Foul Ball, location: 2F
0-2: Ball
1-2: Ball
2-2: Foul Ball, location: 2F
2-2: Foul Ball, location: 2F
2-2: Strikes out swinging
Top of the 9th over - 0 runs, 1 hit, 0 errors, 1 left on base; Ohio State University 7 - Pennsylvania State University 2
BOTTOM OF THE 9TH
Pennsylvania State University Nittany Lions batting - Pitching for Ohio State University Buckeyes : RHP Kyle Collins
Batting: RHB Francisco Velazquez 0-0: Called Strike
0-1: SINGLE (Groundball, 25, EV 74.4 MPH) (infield hit)
Batting: RHB Guy Jock 0-0: Called Strike
0-1: Ball
1-1: DOUBLE (Flyball, 8LXD, EV 95.0 MPH)
Francisco Velazquez to third
Batting: RHB James Steinmetz 0-0: Swinging Strike
0-1: Foul Ball, location: 2F
0-2: Ball
1-2: Foul Ball, location: 2F
1-2: Ball
2-2: Strikes out swinging
Pinch Hitting: LHB Dan Lape 0-0: Ball
1-0: Foul Ball, location: 2F
1-1: Ball
2-1: Ball
3-1: Called Strike
3-2: Ground out 4-3 (Groundball, 4, EV 103.1 MPH)
Francisco Velazquez scores
Guy Jock to third
Pitching: RHP Dan Herwig
Pinch Hitting: RHB Joe Strachan 0-0: Called Strike
0-1: Fly out, F7 (Flyball, 78M, EV 85.6 MPH)
Bottom of the 9th over - 1 run, 2 hits, 0 errors, 1 left on base; Ohio State University 7 - Pennsylvania State University 3
Thursday, December 15th , 2022 - OOTP Baseball 23.9 Build 102